 Dungeon Crawl Stone Soup version 0.18.1-48-g4cf74bf (webtiles) character file.

23 Gargoyl the Skirmisher (level 2, 0/25 HPs)
             Began as a Demonspawn Abyssal Knight on July 2, 2016.
             Was a Follower of Lugonu.
             Slain by an adder (3 damage)
             ... on level 1 of the Dungeon.
             The game lasted 00:02:08 (1049 turns).

Gargoyl the Skirmisher (Demonspawn Abyssal Knight)  Turns: 1049, Time: 00:02:08

Health: 0/25       AC:  5    Str: 12    XL:     2   Next: 75%
Magic:  3/3        EV: 10    Int: 13    God:    Lugonu [*.....]
Gold:   52         SH:  0    Dex: 12    Spells: 0 memorised, 1 level left

rFire  . . .     SeeInvis .     a - +1 hand axe
rCold  . . .     Gourm    .     e - +0 ring mail
rNeg   . . .     Faith    .     (no shield)
rPois  .         Spirit   .     (helmet restricted)
rElec  .         Dismiss  .     (no cloak)
rCorr  .         Reflect  .     (no gloves)
SustAt .         Harm     .     (no boots)
MR     .....                    (no amulet)
Stlth  +.........               (no ring)
                                (no ring)

@: lethally poisoned (0 -> -8), not resistant to hostile enchantments, very
unstealthy
A: antennae 1
a: Depart the Abyss, Renounce Religion


You were on level 1 of the Dungeon.
You worshipped Lugonu.
Lugonu was aware of your devotion.
You were hungry.

You visited 1 branch of the dungeon, and saw 2 of its levels.
You visited the Abyss 1 time.

You collected 52 gold pieces.

Inventory:

Hand Weapons
 a - a +1 hand axe (weapon)
Armour
 e - a +0 ring mail (worn)
Scrolls
 b - 2 scrolls of identify {unknown}
 d - a scroll of blinking {unknown}
 f - a scroll of fear {unknown}
 g - a scroll of enchant weapon {unknown}
 h - a scroll of noise {unknown}
Comestibles
 c - a bread ration


   Skills:
 + Level 3.7 Fighting
 + Level 1.8 Axes
 * Level 2.0 Armour
 + Level 1.1 Dodging
 + Level 2.4 Invocations


You had one spell level left.
You didn't know any spells.

Dungeon Overview and Level Annotations

Branches:
Dungeon (2/15)

Altars:


Innate Abilities, Weirdness & Mutations

You have a pair of small antennae on your head.


Message History

You aren't carrying any potions.
You hit the adder.
The adder is heavily wounded.
You closely miss the adder.
* * * LOW HITPOINT WARNING * * *
You feel sick. The adder bites you but does no damage.
The adder closely misses you. The adder barely misses you.
Unknown command.
You completely miss the adder.
The adder is heavily wounded.
You barely miss the adder. The adder closely misses you.
The adder barely misses you. The adder bites you.
* * * LOW HITPOINT WARNING * * *
Unknown command.
You barely miss the adder.
The adder is heavily wounded.
You barely miss the adder.
* * * LOW HITPOINT WARNING * * *
You feel sick. The adder bites you.
You die...

..# ##....(.####...##..## ..#
##..###.........##..## ..#
###..## ##........###### ..#
####...## ##....#..###### ###
#....### #..#......#..#.
#######.#### ##.##...........
#.........# ###...............
#.........# #....#...##.##....
#.........# ####@#.#....##.##...#
#########.###..SS()#.#..#####....
# ##....>#gg....#...#.#....# #
###......#...###...........# #
#...####....###...........## #
##### #.#....#..#..#....##. #
##.#.##....####..###.. #
#..#.###...####..##... # ##....#
#..............


You could see 2 adders and 2 goblins.

Vanquished Creatures
  A dart slug (D:1)
  2 giant geckos (D:1)
  3 goblins (D:1)
  5 hobgoblins (D:1)
  2 giant newts (D:1)
  4 kobolds (D:1)
  A rat (D:1)
18 creatures vanquished.

Notes
Turn   | Place    | Note
--------------------------------------------------------------
     0 | Abyss:1  | Gargoyl the Demonspawn Abyssal Knight began the quest for the Orb.
     0 | Abyss:1  | Reached XP level 1. HP: 18/18 MP: 2/2
    52 | Abyss:1  | Noticed a large abomination
    55 | Abyss:1  | Noticed a worldbinder
    58 | Abyss:1  | Noticed a swamp drake
    63 | Abyss:1  | Noticed a swamp drake
    63 | Abyss:1  | Noticed an insubstantial wisp
    64 | Abyss:1  | Noticed a vampire mosquito
    70 | Abyss:1  | Noticed a small abomination
    73 | Abyss:1  | Noticed a swamp drake
    73 | Abyss:1  | Noticed an alligator
    73 | D:1      | Escaped the Abyss
   223 | D:1      | Reached skill level 1 in Dodging
   251 | D:1      | Reached * piety under Lugonu
   295 | D:1      | Gained mutation: You have a pair of small antennae on your head. [demonic ancestry]
   295 | D:1      | Reached XP level 2. HP: 22/24 MP: 3/3
  1049 | D:1      | Slain by an adder

Skill      XL: |  1 |
---------------+----+-----
Dodging        | 1 |  1.1
Armour         | 2 |  2.0
Fighting       | |  3.7
Axes           | |  1.8
Invocations    | |  2.4

Action                   || total
-------------------------++-------
Melee: Hand axe          ||    60
Invok: Depart the Abyss  ||     1
Armor: Ring mail         ||    24
       Leather armour    ||     1
Dodge: Dodged            ||    46
